 Dungeon Crawl Stone Soup version 0.21-a0-91-ga5031da (webtiles) character file.

171 sagitran the Ruffian (level 5, 0/42 HPs)
             Began as a Gnoll Wanderer on June 29, 2017.
             Was an Initiate of Dithmenos.
             Slain by Grinder (5 damage)
             ... on level 4 of the Dungeon.
             The game lasted 00:17:12 (2278 turns).

sagitran the Ruffian (Gnoll Wanderer)               Turns: 2278, Time: 00:17:13

Health: 0/42       AC:  7    Str: 15    XL:     5   Next: 51%
Magic:  6/6        EV: 14    Int: 11    God:    Dithmenos [......]
Gold:   160        SH:  0    Dex: 14    Spells: 2/6 levels left

rFire    . . .     SeeInvis .     - Unarmed
rCold    . . .     Gourm    .   (no shield)
rNeg     . . .     Faith    .   a - +2 leather armour
rPois    .         Spirit   .   (no helmet)
rElec    .         Reflect  .   (no cloak)
rCorr    .         Harm     .   (no gloves)
MR       .....                  r - +1 pair of boots
Stlth    +++.......             (no amulet)
HPRegen  0.54/turn              (no ring)
MPRegen  0.10/turn              (no ring)

@: no status effects
A: short attention span, fangs 1, agile 1, regeneration 1, subdued magic 1,
strong nose
a: Renounce Religion


You were on level 4 of the Dungeon.
You worshipped Dithmenos.
Dithmenos was noncommittal.
You were not hungry.

You visited 2 branches of the dungeon, and saw 6 of its levels.

You collected 160 gold pieces.

Inventory:

Hand Weapons
 b - a +0 falchion
 d - a +0 great sword
 l - a +0 rapier
 m - a +0 hunting sling
Armour
 a - a +2 leather armour (worn)
 r - a +1 pair of boots (worn)
Jewellery
 j - an uncursed amulet of harm {unknown}
Wands
 q - a wand of confusion (14/48)
Scrolls
 c - 2 scrolls of remove curse
 g - 2 scrolls of teleportation {unknown}
 h - 4 scrolls of identify {unknown}
 p - a scroll of fear {unknown}
Books
 e - a book of Misfortune

   Spells                             Type                      Level
   a - Confusing Touch                Hexes                        1
   b - Confuse                        Hexes                        3
   c - Gell's Gravitas                Translocation                3
   d - Petrify                        Transmutation/Earth          4
   e - Metabolic Englaciation         Hexes/Ice                    5
   f - Yara's Violent Unravelling     Hexes/Transmutation          5
 i - a book of Changes

   Spells                             Type                      Level
   a - Beastly Appendage              Transmutation                1
   b - Sticks to Snakes               Transmutation                2
   c - Spider Form                    Transmutation/Poison         3
   d - Ice Form                       Ice/Transmutation            4
   e - Blade Hands                    Transmutation                5
Comestibles
 f - a bread ration
 k - a fruit
 o - 2 meat rations


   Skills:
 + Level 4.0 Fighting
 + Level 1.6 Long Blades
 + Level 2.1 Armour
 + Level 4.2 Dodging
 + Level 5.6 Stealth
 + Level 6.7 Unarmed Combat
 + Level 1.2 Spellcasting
 + Level 1.2 Hexes


You had 2 spell levels left.
You knew the following spells:

 Your Spells              Type           Power        Failure   Level  Hunger
a - Confusing Touch       Hex            #.....       21%         1    ##.....
b - Beastly Appendage     Tmut           #.....       32%         1    ##.....
c - Sticks to Snakes      Tmut           #.......     47%         2    ###....


Dungeon Overview and Level Annotations

Branches:
Dungeon (5/15)             Temple (1/1) D:4

Altars:
Cheibriados
Dithmenos
Elyvilon
Makhleb
Trog
Uskayaw
Vehumet
Xom
Yredelemnul
Zin
The Shining One

Annotations:
D:4 Grinder


Innate Abilities, Weirdness & Mutations

You have a short attention span.
You have very sharp teeth.
Your uncanny sense of smell can sniff out nearby items.
You are agile. (Dex +2)
Your natural rate of healing is unusually fast.
Your spells are a little easier to cast, but a little less powerful.


Message History

You closely miss Grinder.
Grinder is lightly wounded.
Grinder gestures at you. Pain shoots through your body!
You completely miss Grinder.
Grinder is lightly wounded.
Grinder misses you.
You barely miss Grinder.
Grinder is lightly wounded.
Grinder hits you.
You writhe in agony.
Grinder gestures at you. You resist with significant effort.
Grinder gestures at you. Pain shoots through your body!
* * * LOW HITPOINT WARNING * * *
You aren't carrying any potions.
As you read the scroll labeled OTSECA TAEBUHYEMP, it crumbles to dust.
You feel blessed for a moment.
It was a scroll of remove curse.
Grinder hits you.
You die...

#.....# ######.....#
#...)......# #.<...# # #
#.....# ## .. #.....# #.
... ######....)# #. ....
##.......#### #.
.....#....@....# #.
.........5......# #.
................##########.
....#...........#..........
... ##............########.
#........##### #.
.......### #. .###.#...# ##
.. #.###... #


You could see Grinder.

Vanquished Creatures
  An orc wizard (D:3)
  A bullfrog skeleton (D:5)
  A howler monkey skeleton (D:4)
  5 adders
  3 worms
  A dart slug (D:2)
  A leopard gecko (D:2)
  6 orcs
  A giant cockroach (D:2)
  2 goblins (D:2)
  3 hobgoblins
  4 jackals (D:2)
  3 kobolds
  A quokka (D:3)
  A ball python (D:2)
  7 bats
  A frilled lizard (D:2)
  6 rats
48 creatures vanquished.

Notes
Turn   | Place    | Note
-------+----------+-------------------------------------------
     0 | D:1      | sagitran the Gnoll Wanderer began the quest for the Orb.
     0 | D:1      | sagitran set off with: a +2 leather armour, a +0 falchion, a potion of lignification, a +0 dagger, a bread ration
     0 | D:1      | Reached XP level 1. HP: 18/18 MP: 1/1
    77 | D:1      | Reached skill level 5 in Unarmed Combat
   198 | D:2      | Reached XP level 2. HP: 14/24 MP: 2/2
   223 | D:2      | Learned a level 1 spell: Confusing Touch
   631 | D:1      | Reached XP level 3. HP: 23/29 MP: 3/3
   663 | D:2      | Gained mutation: Your natural rate of healing is unusually fast. [potion of mutation]
   663 | D:2      | Gained mutation: Your spells are a little easier to cast, but a little less powerful. [potion of mutation]
   663 | D:2      | Gained mutation: You are agile. (Dex +2) [potion of mutation]
   695 | D:2      | Reached skill level 1 in Armour
   700 | D:2      | Reached skill level 5 in Stealth
   905 | D:2      | Learned a level 1 spell: Beastly Appendage
  1135 | D:3      | Reached skill level 6 in Unarmed Combat
  1135 | D:3      | Reached XP level 4. HP: 36/36 MP: 4/4
  1317 | D:2      | Noticed a moth of wrath
  1320 | D:2      | Found a bloodstained altar of Trog.
  1567 | D:3      | Found a glowing golden altar of the Shining One.
  1615 | D:3      | Reached XP level 5. HP: 38/42 MP: 6/6
  1677 | D:4      | Noticed Grinder
  1690 | D:4      | Found a staircase to the Ecumenical Temple.
  1698 | D:4      | Reached skill level 1 in Long Blades
  1698 | D:4      | Reached skill level 1 in Spellcasting
  1707 | D:4      | Reached skill level 1 in Hexes
  1774 | D:5      | Entered Level 5 of the Dungeon
  1832 | Temple   | Entered the Ecumenical Temple
  1994 | Temple   | Paralysed by fainting for 7 turns
  2021 | Temple   | Learned a level 2 spell: Sticks to Snakes
  2033 | Temple   | Became a worshipper of Dithmenos the Shadowed
  2051 | D:4      | Found a hide-covered altar of Uskayaw.
  2278 | D:4      | Slain by Grinder

Vault maps used:
D:1:      minmay_arrival_widening_spiral_wide
D:2:      first_bread, grunt_decor_cap, tgw_trog
D:3:      lemuel_crystal_altar
D:4:      old_standard_altar, minmay_temple_entry_statues_fountains,
          dk_noncrumbling_3, uniq_grinder
D:5:      marbit_many_paths, kennysheep_little_box
Temple:   compressed_dpeg_triangle_lava_temple

Skill      XL: |  1  2  3  4  5 |
---------------+----------------+-----
Unarmed Combat | 5 6 |  6.7
Armour         | 1 2 |  2.1
Stealth        | 5 |  5.6
Dodging        | 4 |  4.2
Long Blades    | 1 |  1.6
Spellcasting   | 1 |  1.2
Hexes          | 1 |  1.2
Fighting       | 4 |  4.0

Action                   |  1- 3 |  4- 6 || total
-------------------------+-------+-------++-------
Melee: Unarmed           |   112 |   110 ||   222
       Bite              |     9 |     8 ||    17
       Punch             |     1 |     3 ||     4
       Great sword       |       |     4 ||     4
 Cast: Confusing Touch   |     2 |     2 ||     4
  Use: Potion            |     4 |     2 ||     6
       Scroll            |       |     1 ||     1
 Stab: Sleeping          |     6 |     4 ||    10
       Confused          |     1 |       ||     1
  Eat: Chunk             |       |     1 ||     1
       Bread ration      |       |     1 ||     1
Armor: Leather armour    |    43 |    17 ||    60
Dodge: Dodged            |    94 |    67 ||   161
       Rpst.: Great sword |       |     2 ||     2
